MLB
MINNESOTA TWINS @ CHICAGO WHITE SOX
04/10/2020
 
TOP OF THE 1ST
Minnesota Twins batting - Pitching for Chicago White Sox : RHP Nathan Eovaldi
Pitching: RHP Nathan Eovaldi
Batting: RHB Whit Merrifield 0-0: Foul Ball, location: 2F
0-1: Ball
1-1: Foul Ball, location: 2F
1-2: Foul Ball, location: 2F
1-2: Ball
2-2: Strikes out swinging, 2-3 out at first.
Batting: RHB Miguel Rojas 0-0: Foul Ball, location: 2F
0-1: DOUBLE (Groundball, 5L, EV 102.5 MPH)
Batting: RHB Carlos Correa 0-0: Ball
1-0: Foul Ball, location: 2F
1-1: Foul Ball, location: 2F
1-2: Ball
2-2: Fly out, F8 (Flyball, 8RD, EV 85.0 MPH)
Batting: RHB Edwin Encarnacion 0-0: Ball
1-0: Called Strike
1-1: Called Strike
1-2: Foul Ball, location: 2F
1-2: Strikes out swinging
Top of the 1st over - 0 runs, 1 hit, 0 errors, 1 left on base; Minnesota 0 - Chicago 0
BOTTOM OF THE 1ST
Chicago White Sox batting - Pitching for Minnesota Twins : RHP Keyvius Sampson
Pitching: RHP Keyvius Sampson
Batting: LHB Zack Granite 0-0: Ball
1-0: Called Strike
1-1: Swinging Strike
1-2: Strikes out swinging
Batting: LHB Jason Heyward 0-0: Ball
1-0: Fly out, F2 (Popup, 13S, EV 88.8 MPH)
Batting: RHB Todd Frazier 0-0: Ball
1-0: Foul Ball, location: 2F
1-1: Foul Ball, location: 2F
1-2: Ball
2-2: Strikes out swinging
Bottom of the 1st over - 0 runs, 0 hits, 0 errors, 0 left on base; Minnesota 0 - Chicago 0
TOP OF THE 2ND
Minnesota Twins batting - Pitching for Chicago White Sox : RHP Nathan Eovaldi
Batting: LHB Jay Bruce 0-0: Foul Ball, location: 2F
0-1: Foul Ball, location: 2F
0-2: Ball
1-2: Ball
2-2: Foul Ball, location: 2F
2-2: Foul Ball, location: 2F
2-2: Ball
3-2: Strikes out swinging
Batting: RHB Michael Chavis 0-0: Ball
1-0: Swinging Strike
1-1: Swinging Strike
1-2: Strikes out swinging
Batting: RHB Domingo Santana 0-0: Called Strike
0-1: Ball
1-1: Foul Ball, location: 2F
1-2: Ball
2-2: Ball
3-2: Strikes out swinging
Top of the 2nd over - 0 runs, 0 hits, 0 errors, 0 left on base; Minnesota 0 - Chicago 0
BOTTOM OF THE 2ND
Chicago White Sox batting - Pitching for Minnesota Twins : RHP Keyvius Sampson
Batting: LHB Stephen Vogt 0-0: Foul Ball, location: 2F
0-1: Swinging Strike
0-2: Strikes out swinging
Batting: LHB Andrew Toles 0-0: Ball
1-0: Called Strike
1-1: Called Strike
1-2: Ball
2-2: Strikes out looking
Batting: RHB Drew Jackson 0-0: Called Strike
0-1: Ball
1-1: Swinging Strike
1-2: Ball
2-2: Strikes out swinging
Bottom of the 2nd over - 0 runs, 0 hits, 0 errors, 0 left on base; Minnesota 0 - Chicago 0
TOP OF THE 3RD
Minnesota Twins batting - Pitching for Chicago White Sox : RHP Nathan Eovaldi
Batting: RHB Teoscar Hernandez 0-0: Ball
1-0: Called Strike
1-1: Foul Ball, location: 2F
1-2: Strikes out looking
Batting: RHB Roberto Perez 0-0: Swinging Strike
0-1: Ground out 4-3 (Groundball, 4, EV 75.6 MPH)
Batting: RHB Whit Merrifield 0-0: SINGLE (Groundball, 6D, EV 97.5 MPH)
Batting: RHB Miguel Rojas 0-0: Ball
1-0: Called Strike
1-1: Ground out 6-3 (Groundball, 6M, EV 103.8 MPH)
Top of the 3rd over - 0 runs, 1 hit, 0 errors, 1 left on base; Minnesota 0 - Chicago 0
BOTTOM OF THE 3RD
Chicago White Sox batting - Pitching for Minnesota Twins : RHP Keyvius Sampson
Batting: LHB Nick Gordon 0-0: Fly out, F4 (Popup, 4, EV 75.6 MPH)
Batting: RHB Wilfredo Tovar 0-0: Ball
1-0: Bunt for hit to 2R - play at first, batter OUT! 2-3
Batting: RHB Jose Trevino 0-0: Ball
1-0: Called Strike
1-1: Foul Ball, location: 2F
1-2: Ball
2-2: Ball
3-2: Strikes out looking
Bottom of the 3rd over - 0 runs, 0 hits, 0 errors, 0 left on base; Minnesota 0 - Chicago 0
TOP OF THE 4TH
Minnesota Twins batting - Pitching for Chicago White Sox : RHP Nathan Eovaldi
Batting: RHB Carlos Correa 0-0: Called Strike
0-1: Ball
1-1: Ball
2-1: Called Strike
2-2: Ball
3-2: Base on Balls
Batting: RHB Edwin Encarnacion 0-0: SINGLE (Groundball, 56D, EV 108.8 MPH)
Carlos Correa to second
Batting: LHB Jay Bruce 0-0: Ball
1-0: Foul Ball, location: 2F
1-1: Called Strike
1-2: Ball
2-2: Grounds into double play, U6-3 (Groundball, 4M, EV 92.5 MPH)
Carlos Correa to third
Batting: RHB Michael Chavis 0-0: Called Strike
0-1: Ball
1-1: Called Strike
1-2: Foul Ball, location: 2F
1-2: Strikes out swinging
Top of the 4th over - 0 runs, 1 hit, 0 errors, 1 left on base; Minnesota 0 - Chicago 0
BOTTOM OF THE 4TH
Chicago White Sox batting - Pitching for Minnesota Twins : RHP Keyvius Sampson
Batting: LHB Zack Granite 0-0: Ball
1-0: Swinging Strike
1-1: Ball
2-1: Called Strike
2-2: Ball
3-2: Base on Balls
Batting: LHB Jason Heyward 0-0: Ball
1-0: Ball
2-0: Ball
3-0: Base on Balls
Zack Granite to second
Batting: RHB Todd Frazier 0-0: Called Strike
0-1: Foul Ball, location: 2F
0-2: Ball
1-2: Ball
2-2: Ball
3-2: Foul Ball, location: 2F
3-2: Strikes out swinging
Jason Heyward steals 2nd base
Zack Granite steals 3rd base
Batter strikes out.
Batting: LHB Stephen Vogt 0-0: Fly out, F4 (Popup, 4, EV 63.8 MPH)
Batting: LHB Andrew Toles 0-0: Called Strike
0-1: Ground out 4-3 (Groundball, 4, EV 84.4 MPH)
Bottom of the 4th over - 0 runs, 0 hits, 0 errors, 2 left on base; Minnesota 0 - Chicago 0
TOP OF THE 5TH
Minnesota Twins batting - Pitching for Chicago White Sox : RHP Nathan Eovaldi
Batting: RHB Domingo Santana 0-0: Called Strike
0-1: DOUBLE (Flyball, 89D, EV 94.4 MPH)
Batting: RHB Teoscar Hernandez 0-0: Foul Ball, location: 2F
0-1: Fly out, F2 (Popup, 2R, EV 94.4 MPH)
Batting: RHB Roberto Perez 0-0: SINGLE (Groundball, 6MD, EV 97.5 MPH)
Domingo Santana to third
Runner from 3rd tries for Home, SAFE, throw by CF to home
Batting: RHB Whit Merrifield 0-0: Swinging Strike
0-1: Fly out, F9 (Flyball, 89D, EV 101.9 MPH)
Batting: RHB Miguel Rojas 0-0: Swinging Strike
0-1: Ground out 1-3 (Groundball, 13, EV 76.3 MPH)
Top of the 5th over - 1 run, 2 hits, 0 errors, 1 left on base; Minnesota 1 - Chicago 0
BOTTOM OF THE 5TH
Chicago White Sox batting - Pitching for Minnesota Twins : RHP Keyvius Sampson
Batting: RHB Drew Jackson 0-0: Swinging Strike
0-1: Called Strike
0-2: Foul Ball, location: 2F
0-2: Ball
1-2: Ground out 4-3 (Groundball, 4, EV 98.1 MPH)
Batting: LHB Nick Gordon 0-0: Called Strike
0-1: Called Strike
0-2: Strikes out looking
Batting: RHB Wilfredo Tovar 0-0: Fly out, F4 (Popup, 13S, EV 81.9 MPH)
Bottom of the 5th over - 0 runs, 0 hits, 0 errors, 0 left on base; Minnesota 1 - Chicago 0
TOP OF THE 6TH
Minnesota Twins batting - Pitching for Chicago White Sox : RHP Nathan Eovaldi
Batting: RHB Carlos Correa 0-0: Called Strike
0-1: Ball
1-1: Called Strike
1-2: Foul Ball, location: 2F
1-2: Ball
2-2: SOLO HOME RUN (Flyball, 7D, EV 95.6 MPH), Distance : 378 ft
Batting: RHB Edwin Encarnacion 0-0: Called Strike
0-1: Fly out, F8 (Flyball, 8RD, EV 95.0 MPH)
Batting: LHB Jay Bruce 0-0: Ball
1-0: Called Strike
1-1: Ball
2-1: Ball
3-1: SOLO HOME RUN (Flyball, 8RXD, EV 91.9 MPH), Distance : 421 ft
Batting: RHB Michael Chavis 0-0: Called Strike
0-1: Ball
1-1: Ball
2-1: Ball
3-1: Base on Balls
Batting: RHB Domingo Santana 0-0: Swinging Strike
0-1: Swinging Strike
0-2: Ball
1-2: Fly out, F8 (Line Drive, 8RD, EV 110.6 MPH)
Batting: RHB Teoscar Hernandez 0-0: SINGLE (Groundball, 6D, EV 101.3 MPH)
Michael Chavis to second
Pitching: RHP Yusmeiro Petit
Batting: RHB Roberto Perez 0-0: Ball
1-0: Called Strike
1-1: Ball
2-1: Foul Ball, location: 2F
2-2: Ball
3-2: DOUBLE (Flyball, 3D, EV 92.5 MPH)
Michael Chavis scores
Teoscar Hernandez to third
Teoscar Hernandez scores
Batting: RHB Whit Merrifield 0-0: Ball
1-0: Ball
2-0: SINGLE (Line Drive, 7S, EV 93.8 MPH)
Roberto Perez to third
Batting: RHB Miguel Rojas 0-0: SINGLE (Line Drive, 8RS, EV 98.8 MPH)
Roberto Perez scores
Whit Merrifield to second
Batting: RHB Carlos Correa 0-0: Ball
1-0: Ball
2-0: Called Strike
2-1: Swinging Strike
2-2: Strikes out looking
Top of the 6th over - 5 runs, 6 hits, 0 errors, 2 left on base; Minnesota 6 - Chicago 0
BOTTOM OF THE 6TH
Chicago White Sox batting - Pitching for Minnesota Twins : RHP Keyvius Sampson
Batting: RHB Jose Trevino 0-0: Foul Ball, location: 2F
0-1: Fly out, F9 (Line Drive, 9, EV 85.0 MPH)
Batting: LHB Zack Granite 0-0: Ball
1-0: Called Strike
1-1: Called Strike
1-2: Ball
2-2: SINGLE (Groundball, 34D, EV 105.6 MPH)
Batting: LHB Jason Heyward 0-0: Called Strike
0-1: Grounds into double play, 4-6-3 (Groundball, 34, EV 101.9 MPH)
Bottom of the 6th over - 0 runs, 1 hit, 0 errors, 0 left on base; Minnesota 6 - Chicago 0
TOP OF THE 7TH
Minnesota Twins batting - Pitching for Chicago White Sox : RHP Yusmeiro Petit
Batting: RHB Edwin Encarnacion 0-0: Ball
1-0: Foul Ball, location: 2F
1-1: Swinging Strike
1-2: Strikes out swinging
Batting: LHB Jay Bruce 0-0: Ground out U3 (Groundball, 3, EV 81.9 MPH)
Batting: RHB Michael Chavis 0-0: Foul Ball, location: 2F
0-1: Ball
1-1: Fly out, F7 (Flyball, 7S, EV 93.8 MPH)
Top of the 7th over - 0 runs, 0 hits, 0 errors, 0 left on base; Minnesota 6 - Chicago 0
BOTTOM OF THE 7TH
Chicago White Sox batting - Pitching for Minnesota Twins : RHP Keyvius Sampson
Batting: RHB Todd Frazier 0-0: Called Strike
0-1: Swinging Strike
0-2: Fly out, F8 (Flyball, 8LD, EV 90.6 MPH)
Batting: LHB Stephen Vogt 0-0: Called Strike
0-1: Swinging Strike
0-2: Foul Ball, location: 2F
0-2: Ball
1-2: Strikes out swinging
Batting: LHB Andrew Toles 0-0: Called Strike
0-1: Ball
1-1: Fly out, F6 (Line Drive, 6, EV 73.1 MPH)
Bottom of the 7th over - 0 runs, 0 hits, 0 errors, 0 left on base; Minnesota 6 - Chicago 0
TOP OF THE 8TH
Minnesota Twins batting - Pitching for Chicago White Sox : RHP Yusmeiro Petit
Batting: RHB Domingo Santana 0-0: Ball
1-0: Foul Ball, location: 2F
1-1: Called Strike
1-2: Foul Ball, location: 2F
1-2: Foul Ball, location: 2F
1-2: Foul Ball, location: 2F
1-2: Ball
2-2: Foul Ball, location: 2F
2-2: Foul Ball, location: 2F
2-2: Ball
3-2: Fly out, F8 (Line Drive, 8RM, EV 93.1 MPH)
Pitching: LHP Jared Miller
Batting: RHB Teoscar Hernandez 0-0: Called Strike
0-1: Swinging Strike
0-2: Strikes out swinging
Batting: RHB Roberto Perez 0-0: Ball
1-0: Ball
2-0: Ball
3-0: Foul Ball, location: 2F
3-1: Called Strike
3-2: Base on Balls
Batting: RHB Whit Merrifield 0-0: Called Strike
0-1: Ball
1-1: Ball
2-1: DOUBLE (Flyball, 89D, EV 92.5 MPH)
Roberto Perez to third
Batting: RHB Miguel Rojas 0-0: Called Strike
0-1: Ball
1-1: Called Strike
1-2: DOUBLE (Flyball, 8LXD, EV 101.3 MPH)
Roberto Perez scores
Whit Merrifield scores
Batting: RHB Carlos Correa 0-0: Ball
1-0: Called Strike
1-1: Ball
2-1: Ball
3-1: Base on Balls
Batting: RHB Edwin Encarnacion 0-0: Ball
1-0: Ball
2-0: Foul Ball, location: 2F
2-1: Ball
3-1: Called Strike
3-2: Foul Ball, location: 2F
3-2: Base on Balls
Miguel Rojas to third
Carlos Correa to second
Batting: LHB Jay Bruce 0-0: Ball
1-0: Ball
2-0: Ball
3-0: Called Strike
3-1: Base on Balls
Miguel Rojas scores
Carlos Correa to third
Edwin Encarnacion to second
Pinch Hitting: LHB Nolan Fontana 0-0: Swinging Strike
0-1: Fielders Choice at 2nd, 6-4 (Groundball, 6, EV 88.1 MPH)
Top of the 8th over - 3 runs, 2 hits, 0 errors, 3 left on base; Minnesota 9 - Chicago 0
BOTTOM OF THE 8TH
Chicago White Sox batting - Pitching for Minnesota Twins : RHP Keyvius Sampson
Now at 2B: Nolan Fontana
Batting: RHB Drew Jackson 0-0: Called Strike
0-1: Ball
1-1: SINGLE (Flyball, 78S, EV 91.3 MPH)
Batting: LHB Nick Gordon 0-0: Ball
Wild Pitch!
Drew Jackson to second
1-0: Swinging Strike
1-1: Ball
2-1: Foul Ball, location: 2F
2-2: Foul Ball, location: 2F
2-2: Strikes out looking
Batting: RHB Wilfredo Tovar 0-0: Called Strike
0-1: Ball
1-1: Ground out 6-3 (Groundball, 6, EV 79.4 MPH)
Drew Jackson to third
Batting: RHB Jose Trevino 0-0: Swinging Strike
0-1: Swinging Strike
0-2: Strikes out swinging
Bottom of the 8th over - 0 runs, 1 hit, 0 errors, 1 left on base; Minnesota 9 - Chicago 0
TOP OF THE 9TH
Minnesota Twins batting - Pitching for Chicago White Sox : LHP Jared Miller
Pitching: RHP Trey Cochran-Gill
Pinch Hitting: SHB Erick Mejia 0-0: Ball
1-0: Ground out 5-3 (Groundball, 56, EV 100.6 MPH)
Batting: RHB Teoscar Hernandez 0-0: Called Strike
0-1: Ball
1-1: Foul Ball, location: 2F
1-2: Foul Ball, location: 2F
1-2: Ball
2-2: Strikes out swinging
Pinch Hitting: RHB Aramis Garcia 0-0: Ball
1-0: Ball
2-0: Called Strike
2-1: Foul Ball, location: 2F
2-2: Strikes out swinging
Top of the 9th over - 0 runs, 0 hits, 0 errors, 0 left on base; Minnesota 9 - Chicago 0
BOTTOM OF THE 9TH
Chicago White Sox batting - Pitching for Minnesota Twins : RHP Keyvius Sampson
Now at C: Aramis Garcia
Now in LF: Erick Mejia
Batting: LHB Zack Granite 0-0: Called Strike
0-1: Ball
1-1: Ball
2-1: Called Strike
2-2: Ball
3-2: Base on Balls
Batting: LHB Jason Heyward 0-0: Ball
1-0: Ball
2-0: Ball
3-0: Called Strike
3-1: Swinging Strike
3-2: Grounds into double play, 4-6-3 (Groundball, 34D, EV 101.9 MPH)
Batting: RHB Todd Frazier 0-0: Called Strike
0-1: Foul Ball, location: 2F
0-2: Strikes out swinging
Bottom of the 9th over - 0 runs, 0 hits, 0 errors, 0 left on base; Minnesota 9 - Chicago 0
Sunday, May 31st, 2020 - OOTP Baseball 21.3 Build 54